Map: [TLMC19] Moonwater

Players

LiquidCure (Cure) - Winner!

  • Race: Terran Terran
  • League: Master
  • Spawn Location: 11:00

DKZherO (herO)

  • Race: Protoss Protoss
  • League: Grandmaster
  • Spawn Location: 1:00

VOD

Have the link to the VOD?

Description

Time

  • Played on: Dec. 21, 2023, 9:24 a.m.
  • Length: 12:35
Show
View Real Time Build Order
Export as new Build Order

LiquidCure Terran - Winner!

Build Orders: Cyclone Opening 

Get SALT Encoding   

  12  0:00  SCV  
  13  0:12  SCV  
  14  0:17  Supply Depot  
  14  0:24  SCV  
  15  0:38  SCV  
  15  0:40  Barracks  
  16  0:45  Refinery  
  16  0:50  SCV  
  16  0:55  Refinery  
  17  1:02  SCV  
  18  1:15  SCV  
  19  1:27  Orbital Command, Reaper  
  19  1:30  Supply Depot  
  20  1:43  Factory  
  20  1:53  SCV  
  21  2:00  Barracks Tech Lab  
  21  2:02  Bunker  
  21  2:05  SCV  
  22  2:19  Marauder  
  25  2:23  Concussive Shells  
  25  2:26  Supply Depot, Cyclone  
  26  2:30  SCV  
  27  2:41  Marauder  
  27  2:42  SCV  
  30  2:48  Supply Depot  
  30  2:54  SCV  
  31  2:58  Cyclone  
  31  3:02  Marauder  
  35  3:06  SCV  
  36  3:19  SCV  
  35  3:32  Command Center  
  35  3:35  Marauder  
  35  3:37  SCV  
  37  3:45  Cyclone  
  38  3:49  SCV  
  35  3:56  Marauder  
  35  4:01  SCV  
  36  4:05  Starport  
  36  4:13  SCV  
  37  4:17  Cyclone  
  37  4:18  Marauder  
  41  4:26  SCV  
  38  4:37  Barracks  
  38  4:38  SCV  
  37  4:51  Orbital Command, Starport Tech Lab  
  37  4:54  SCV  
  37  4:55  Factory Tech Lab  
  37  4:59  Bunker  
  38  5:06  SCV  
  39  5:09  Raven  
  39  5:12  Interference Matrix  
  39  5:13  Siege Tank  
  44  5:18  SCV  
  44  5:19  SCV  
  46  5:22  Barracks  
  46  5:25  Barracks Reactor  
  46  5:29  Engineering Bay  
  46  5:31  SCV x2  
  48  5:42  Supply Depot  
  48  5:43  SCV x2  
  53  5:52  Refinery  
  53  5:55  SCV x2  
  52  5:59  Terran Infantry Weapons Level 1  
  52  6:02  Marine x2, Refinery  
  52  6:03  Factory Reactor  
  54  6:05  Supply Depot  
  54  6:07  SCV x2  
  54  6:10  Marauder, Stimpack  
  57  6:19  Starport Reactor  
  57  6:22  SCV x2  
  58  6:25  Marine  
  58  6:26  Marine, Marauder  
  58  6:29  Missile Turret  
  53  6:36  SCV x2  
  53  6:39  Missile Turret  
  54  6:45  Marine x2  
  54  6:46  Missile Turret  
  58  6:47  Marauder  
  58  6:52  SCV x2  
  60  7:08  Marauder  
  66  7:16  SCV x2  
  66  7:17  Factory Reactor  
  66  7:18  Marine x2  
  66  7:19  Medivac  
  66  7:22  Supply Depot  
  68  7:24  Barracks Tech Lab  
  68  7:28  SCV x2  
  68  7:29  Command Center  
  69  7:38  Supply Depot x2  
  69  7:40  Marine x2, Marauder  
  69  7:41  SCV x2  
  75  7:47  Medivac  
  75  7:49  Combat Shield  
  77  7:53  SCV  
  77  7:54  SCV  
  77  7:55  Medivac  
  81  8:00  Marine x2, Marauder  
  81  8:02  Marauder  
  81  8:05  Supply Depot  
  87  8:07  Widow Mine  
  87  8:11  Widow Mine  
  91  8:13  SCV  
  91  8:14  SCV  
  93  8:23  Barracks  
  93  8:27  Marine x2, Marauder x2  
  98  8:38  Widow Mine, Medivac x2  
  98  8:40  Widow Mine  
  99  8:48  Orbital Command  
  99  8:50  Barracks  
  99  8:53  Marauder  
  100  8:56  Marauder  
  100  8:59  Marine  
  100  9:03  SCV x2  
  100  9:08  Marine  
  102  9:16  SCV x2  
  104  9:23  Marauder x2  
  108  9:25  Orbital Command  
  108  9:26  Marine x2, Barracks Reactor  
  108  9:28  SCV  
  100  9:42  Barracks Tech Lab  
  100  9:43  Medivac x2  
  100  9:44  Marine, Marauder, Widow Mine x2  
  100  9:45  Marauder  
  110  9:50  Marine  
  111  10:02  Marine  
  111  10:06  SCV x3, Marauder  
  117  10:12  Terran Infantry Armor Level 1  
  117  10:16  Ghost Academy  
  117  10:20  Marine x2  
  117  10:21  Supply Depot, Marauder  
  118  10:22  Missile Turret  
  118  10:37  Marine x2  
  118  10:38  Marauder x2  
  118  10:40  Medivac  
  124  10:43  Marauder  
  124  10:44  Supply Depot  
  126  10:52  SCV x2  
  126  10:53  SCV  
  127  10:57  Supply Depot  
  127  11:00  Supply Depot  
  127  11:04  Engineering Bay, Armory  
  127  11:06  Ghost  
  124  11:13  Ghost  
  124  11:14  Ghost  
  124  11:15  Marine  
  124  11:18  Marine x2  
  118  11:22  Marine  
  119  11:26  Liberator x2  
  125  11:32  Marine  
  125  11:35  Orbital Command, Marine x2  
  125  11:36  Marauder  
  125  11:39  Marine, Widow Mine  
  126  11:42  Marine x2  
  121  11:50  Marine  
  121  11:53  Marine x2  
  117  11:57  Marauder  
Show
View Real Time Build Order
Export as new Build Order

DKZherO Protoss 

Build Orders: 1 Gate Expand, Blink Stalkers 

Get SALT Encoding   

  12  0:00  Probe  
  13  0:12  Probe  
  14  0:17  Pylon  
  14  0:24  Probe (Chrono Boost)  
  16  0:36  Gateway, Probe (Chrono Boost)  
  16  0:43  Probe (Chrono Boost)  
  16  0:45  Assimilator  
  17  0:50  Probe  
  18  1:02  Probe  
  19  1:15  Probe  
  20  1:23  Cybernetics Core  
  20  1:32  Nexus  
  20  1:38  Pylon  
  20  1:41  Probe  
  21  1:47  Assimilator  
  21  1:53  Probe  
  22  1:57  Adept (Chrono Boost)  
  22  2:00  Warp Gate  
  24  2:05  Probe  
  25  2:17  Stalker (Chrono Boost), Probe  
  27  2:30  Probe  
  28  2:39  Stalker (Chrono Boost)  
  28  2:42  Probe  
  28  2:43  Probe  
  32  2:47  Shield Battery  
  32  2:56  Twilight Council  
  32  3:00  Stalker (Chrono Boost)  
  32  3:04  Probe  
  35  3:09  Probe  
  36  3:19  Probe  
  37  3:21  Probe  
  37  3:24  Shield Battery  
  38  3:30  Stalker  
  37  3:49  Probe x2  
  37  3:52  Pylon  
  37  3:53  Blink (Chrono Boost)  
  37  3:58  Robotics Facility  
  37  4:01  Probe x2  
  37  4:06  Stalker  
  37  4:13  Gateway  
  37  4:15  Probe x2  
  34  4:29  Probe x2  
  34  4:31  Stalker  
  33  4:42  Probe  
  33  4:43  Probe  
  32  4:55  Probe x2  
  32  4:56  Stalker  
  32  4:58  Dark Shrine  
  36  5:04  Warp Prism (Chrono Boost)  
  36  5:13  Stalker  
  40  5:15  Probe  
  40  5:18  Probe  
  42  5:23  Stalker  
  42  5:27  Probe  
  45  5:30  Probe  
  46  5:36  Stalker  
  46  5:39  Assimilator  
  46  5:41  Observer, Pylon  
  46  5:42  Probe  
  50  5:44  Probe  
  51  5:54  Probe  
  51  5:56  Probe  
  53  6:10  Probe x2, Dark Templar  
  53  6:11  Dark Templar  
  57  6:15  Pylon  
  47  6:33  Probe x2  
  47  6:44  Dark Templar x2  
  47  6:47  Probe x2  
  53  6:48  Assimilator  
  53  6:58  Immortal (Chrono Boost)  
  53  6:59  Probe x2  
  57  7:05  Observer  
  57  7:07  Forge  
  57  7:10  Gateway  
  57  7:12  Gateway  
  57  7:13  Robotics Bay  
  57  7:15  Probe x2  
  57  7:21  Nexus  
  55  7:23  Shield Battery  
  55  7:29  Dark Templar  
  57  7:35  Shield Battery  
  57  7:36  Dark Templar  
  57  7:37  Warp Prism (Chrono Boost)  
  59  7:45  Probe x2, Protoss Ground Weapons Level 1  
  59  7:48  Gateway  
  61  7:59  Gateway  
  61  8:01  Charge (Chrono Boost)  
  61  8:03  Disruptor (Chrono Boost)  
  63  8:12  Zealot x2  
  69  8:16  Pylon  
  69  8:23  Dark Templar  
  66  8:27  Probe x2  
  66  8:33  Stalker, Zealot  
  68  8:46  Immortal (Chrono Boost)  
  72  8:48  Zealot  
  72  8:52  Zealot  
  76  8:58  Zealot x2  
  76  9:01  Stalker  
  82  9:08  Probe x2  
  82  9:09  Probe  
  85  9:16  Stalker  
  85  9:17  Stalker  
  89  9:22  Zealot x2  
  93  9:25  Pylon  
  90  9:41  Disruptor (Chrono Boost)  
  90  9:43  Pylon  
  90  9:44  Probe  
  90  9:45  Pylon, Probe x2  
  93  9:46  Dark Templar  
  93  9:47  Pylon  
  90  9:55  Pylon  
  86  10:03  Zealot x2  
  90  10:08  Shield Battery  
  90  10:09  Probe x2  
  90  10:10  Probe, Immortal  
  93  10:25  Pylon  
  93  10:26  Stalker x3  
  99  10:31  Zealot x2  
  97  10:39  Observer  
  89  10:45  Probe x3  
  89  10:52  Stalker x5  
  99  10:57  Probe  
  98  11:16  Zealot x5  
  102  11:19  Pylon  
  101  11:32  Pylon  
  76  11:40  Dark Templar  
  76  11:41  Dark Templar  
  76  11:42  Zealot x3  
Tags
 
Add a new tag
Caveats
  • Supply blocks, unpowered buildings, or Contaminate may cause inaccurate times.
  • Supply counts are checked every 10 seconds.